 Dungeon Crawl Stone Soup version 0.28-a0-984-g3775c662fe (webtiles) character file.

Game seed: 4172889872369905495

129 mandarbmax the Ruffian (level 4, -3/42 HPs)
             Began as a Troll Gladiator on Dec 4, 2021.
             Slain by a gnoll (12 damage)
             ... on level 4 of the Dungeon.
             The game lasted 00:03:12 (2042 turns).

mandarbmax the Ruffian (Troll Gladiator)            Turns: 2042, Time: 00:03:15

Health: -3/42      AC:  4    Str: 22    XL:     4   Next: 88%
Magic:  3/3        EV: 10    Int:  4    God:
Gold:   107        SH:  0    Dex: 13    Spells: 3/3 levels left

rFire   . . .      SeeInvis .     - Unarmed
rCold   . . .      Faith    .   (no shield)
rNeg    . . .      Spirit   .   a - +0 robe
rPois   .          Reflect  .   b - +0 hat
rElec   .          Harm     .   (no cloak)
rCorr   .          Rampage  .   (gloves unavailable)
Will    .....                   (boots unavailable)
Stlth   +.........              (no amulet)
HPRegen 0.94/turn               (no ring)
MPRegen 0.08/turn               (no ring)

@: no status effects
A: large, unfitting armour, claws 3, regeneration 1, shaggy fur 1, tough skin 1
a: no special abilities


You were on level 4 of the Dungeon.
You visited 1 branch of the dungeon, and saw 4 of its levels.

You collected 107 gold pieces.

Inventory:

Missiles
 c - 3 throwing nets (quivered)
Armour
 a - a +0 robe (worn)
 b - a +0 hat (worn)
Scrolls
 d - a scroll of teleportation {unknown}
 e - 2 scrolls of identify {unknown}
 f - 2 scrolls of enchant weapon {unknown}
 h - a scroll of blinking {unknown}
 j - a scroll of vulnerability {unknown}
 k - a scroll of fog {unknown}
Potions
 g - a potion of resistance {unknown}
 i - a potion of attraction {unknown}


   Skills:
 - Level 2.0 Fighting
 - Level 1.7 Throwing
 - Level 3.0 Dodging
 + Level 5.0 Unarmed Combat


You had 3 spell levels left.
You didn't know any spells.
Your spell library contained the following spells:

 Spells                   Type           Power      Damage    Failure   Level
 Blink                    Tloc           0%         N/A       65%         2
 Frozen Ramparts          Ice            0%         1d2       86%         3
 Lesser Beckoning         Tloc           0%         N/A       86%         3
 Cause Fear               Hex            0%         N/A       99%         4
 Ice Form                 Ice/Tmut       0%         N/A       99%         4
 Summon Ice Beast         Ice/Summ       0%         N/A       99%         4
 Manifold Assault         Tloc           0%         N/A       100%        5
 Dragon Form              Tmut           0%         N/A       100%        7
 Dragon's Call            Summ           0%         N/A       100%        9


Dungeon Overview and Level Annotations

Branches:
Dungeon (4/15)
 Temple: D:4-7

Altars:
Hepliaklqana


Innate Abilities, Weirdness & Mutations

You are too large for most types of armour.
You have claws for hands.
Your natural rate of healing is unusually fast.
You are covered in fur. (AC +1)
You have tough skin. (AC +1)


Message History

The orc hits you but does no damage.
You scratch the orc. Your claw misses the orc.
The orc is severely wounded.
The orc hits you but does no damage.
A gnoll comes into view. It is wielding a +0 halberd.
The gnoll shaman calls down the wrath of its god upon you.
You resist with some effort.
You scratch the orc.
The orc is almost dead.
A giant cockroach comes into view.
A gnoll comes into view. It is wielding a +0 club.
The orc hits you but does no damage.
The gnoll shouts!
You claw the orc!
You kill the orc!
You scratch the gnoll shaman but do no damage.
The gnoll shaman hits you with a +0 whip.
You scratch the gnoll shaman.
The gnoll shaman is moderately wounded.
The gnoll shaman calls upon its god to speed up the gnoll.
The gnoll seems to speed up.
You scratch the gnoll shaman.
The gnoll shaman is moderately wounded.
The gnoll hits you with a +0 flail.
You barely miss the gnoll shaman. Your claw misses the gnoll shaman.
The gnoll shaman is moderately wounded.
The gnoll barely misses you. The gnoll shaman closely misses you.
You claw the gnoll shaman!
The gnoll shaman is almost dead.
The gnoll hits you with a +0 flail. The gnoll barely misses you.
The gnoll shaman hits you with a +0 whip!
The giant cockroach bites you.
You claw the gnoll shaman!
You kill the gnoll shaman!
The gnoll hits you with a +0 flail!
* * * LOW HITPOINT WARNING * * *
The gnoll hits you from afar with a +0 halberd.
* * * LOW HITPOINT WARNING * * *
The gnoll hits you with a +0 flail!
You die...

#################
................+
................#
................#
..###########'#####+####
..# ...........B......
..# ..........@gg...:)
..# ..........).......
..# ............g.....
..# ..................
..# ..................
..# ..................
..# ...........$.....
..# ................ ###


You could see 3 gnolls and a giant cockroach.

Vanquished Creatures
  A gnoll shaman (D:4)
  3 gnolls
  4 adders (D:3)
  2 dart slugs
  2 orcs (D:4)
  8 endoplasms
  2 giant cockroaches
  5 goblins
  6 hobgoblins
  4 jackals
  A quokka (D:2)
  7 ball pythons
  3 bats (D:2)
  3 frilled lizards
  4 kobolds
  4 rats
59 creatures vanquished.

Notes
Turn   | Place    | Note
-------+----------+-------------------------------------------
     0 | D:1      | mandarbmax the Troll Gladiator began the quest for the Orb.
     0 | D:1      | Reached XP level 1. HP: 19/19 MP: 0/0
   141 | D:1      | Reached XP level 2. HP: 25/28 MP: 1/1
   672 | D:2      | Reached XP level 3. HP: 28/35 MP: 2/2
   721 | D:2      | Reached skill level 4 in Unarmed Combat
   811 | D:2      | Reached XP level 4. HP: 42/42 MP: 3/3
   914 | D:2      | Found a faded altar of an unknown god.
  1579 | D:3      | Found a hazy altar of Hepliaklqana.
  1829 | D:3      | Reached skill level 5 in Unarmed Combat
  2042 | D:4      | Slain by a gnoll

Illustrated notes

Levels and vault maps discovered:
D:1:      shiori_arrival_maze, layout_basic, hex_large, kennysheep_flooded_box
D:2:      layout_loops_ring, ebering_ecumenical_altar_hall
D:3:      layout_basic, old_standard_altar, serial_corexii_hall,
          chequers_hall_statues_wall_a, corexii_hall_statues_i,
          corexii_hall_statues_i, corexii_hall_statues_t,
          chequers_hall_statues_corner_a, corexii_hall_statues_l, fountainhead
D:4:      layout_gridville, minivault_25

Skill      XL: |  1  2  3  4 |
---------------+-------------+-----
Fighting       | 2 |  2.0
Dodging        | 3 |  3.0
Unarmed Combat | 4 5 |  5.0
Throwing       | |  1.7

Action                   |  1- 3 |  4- 6 || total
-------------------------+-------+-------++-------
Melee: Unarmed           |    67 |    58 ||   125
 Stab: Sleeping          |     1 |     2 ||     3
Armor: Robe              |    15 |    12 ||    27
Dodge: Dodged            |    43 |    20 ||    63

Table legend: (Time is in decaauts)
 A = Elapsed time spent in this place.
 B = Non-inter-level travel time spent in this place.
 C = Inter-level travel time spent in this place.
 D = Time resting spent in this place.
 E = Time spent auto-exploring this place.
 F = Levels seen in this place.
 G = Mean time per level.
                   A        B        C        D        E       F      G
               +--------+--------+--------+--------+--------+-----+--------+
         Total |   2037 |   1924 |    113 |     63 |   1526 |   4 |  509.2 |
       Dungeon |   2037 |   1924 |    113 |     63 |   1526 |   4 |  509.2 |
               +--------+--------+--------+--------+--------+-----+--------+

Top non-repeatable levels by time:
     D:1: 688 daAuts
     D:2: 663 daAuts
     D:3: 613 daAuts
     D:4: 71 daAuts
